 Dungeon Crawl Stone Soup version 0.24.0-28-g17ded55e90 (webtiles) character file.

Game seed: 10228467482590762099, levelgen mode: deterministic

751 Gumption the Slasher (level 7, -4/56 HPs)
             Began as a Barachi Fighter on Nov 12, 2019.
             Killed by nerve-wracking pain
             ... invoked by an orc priest
              (10 damage)
             ... on level 4 of the Dungeon on Nov 13, 2019.
             The game lasted 00:28:17 (4762 turns).

Gumption the Slasher (Barachi Fighter)              Turns: 4762, Time: 00:28:17

Health: -4/56      AC:  8    Str: 19    XL:     7   Next: 78%
Magic:  7/7        EV:  4    Int:  9    God:
Gold:   116        SH:  9    Dex: 11    Spells: 6/6 levels left

rFire    . . .     SeeInvis .   d - +6 flail (drain)
rCold    + + .     Gourm    .   c - +0 shield
rNeg     . . .     Faith    .   h - +0 chain mail
rPois    .         Spirit   .   (no helmet)
rElec    .         Reflect  .   k - scarf {cloud immunity}
rCorr    .         Harm     .   (no gloves)
MR       .....                  (no boots)
Stlth    ..........             (no amulet)
HPRegen  0.18/turn              q - ring of protection from cold
MPRegen  0.10/turn              p - ring of protection from cold

@: very heavily drained, slow
A: +LOS, swims, slowness 1, strong legs 1
a: Hop


You were on level 4 of the Dungeon.
You were hungry.

You visited 1 branch of the dungeon, and saw 4 of its levels.

You collected 116 gold pieces.

Inventory:

Hand Weapons
 a - a +0 long sword
 b - a +0 hunting sling
 d - a +6 flail of draining (weapon)
Missiles
 g - 85 stones
 j - 26 sling bullets
 m - 5 poisoned darts
 w - 4 boomerangs (quivered)
Armour
 c - a +0 shield (worn)
 h - a +0 chain mail (worn)
 k - a scarf of cloud immunity (worn)
Jewellery
 p - a ring of protection from cold (right hand)
 q - a ring of protection from cold (left hand)
Scrolls
 l - a scroll of fog
 s - a scroll of enchant weapon {unknown}
 u - a scroll of remove curse
Potions
 f - a potion of flight
 i - a potion of lignification
 n - a potion of might
 o - a potion of mutation {unknown}
 r - a potion of agility {unknown}
 v - a potion of curing {unknown}
Comestibles
 e - 8 rations


   Skills:
 + Level 5.3(2.2) Fighting
 * Level 6.2(3.0) Long Blades
 + Level 5.5(2.3) Armour
 * Level 6.1(2.9) Shields


You had 6 spell levels left.
You didn't know any spells.
Your spell library was empty.

Dungeon Overview and Level Annotations

Branches:
Dungeon (4/15)
 Temple: D:4-7

Altars:
Elyvilon

Annotations:
D:4 Eustachio


Innate Abilities, Weirdness & Mutations

Shadows flee at your approach. (+LOS)
You can swim through water.
You cover ground slowly.
You can hop short distances.


Message History

You block the orc's attack. The orc hits you.
* * * LOW HITPOINT WARNING * * *
The orc hits you but does no damage. x2
You closely miss the orc. You block the orc's attack.
The orc hits you with a +0 flail.
* * * LOW HITPOINT WARNING * * *
You barely miss the orc. You block the orc's attack.
The orc hits you but does no damage. The orc hits you.
* * * LOW HITPOINT WARNING * * *
You hit the orc. You drain the orc.
The orc is almost dead.
The orc hits you with a +0 flail.
* * * LOW HITPOINT WARNING * * *
The orc hits you but does no damage.
You sock the orc!
You kill the orc!
You block the orc's attack.
The orc priest mumbles some strange prayers to Beogh against you.
Pain shoots through your body!
You die...

#.#. ##.#.# ###.#.
#.#.# #..... #.#.###
###.#.#. #.....####.
........#######.#......
##..#...........(.....
#.......###.########.#
...#####.# #.# ##.# #
#@o.# #.# #... #o###
#.# #..# ...# #.# #..#
...... ... #..# ####.##
#.# #..# #. #.# #..# #.
#.##.####..# #.
#..≈≈P..o..# #.
##P≈♣≈.##.##


You could see an orc priest and an orc.

Vanquished Creatures
  Sigmund (D:3)
  Edmund (D:4)
  An ogre (D:4)
  2 orc priests
  Jessica (D:3)
  Natasha (thrice) (D:3)
  Terence (D:3)
  An orc wizard (D:4)
  A worker ant (D:3)
  5 adders
  A worm (D:2)
  2 dart slugs
  7 leopard geckos
  11 orcs
  11 bats
  2 giant cockroaches
  10 goblins
  8 hobgoblins
  3 jackals (D:4)
  8 kobolds
  2 quokkas (D:3)
  A ball python (D:2)
  3 frilled lizards
  6 rats
92 creatures vanquished.

Notes
Turn   | Place    | Note
-------+----------+-------------------------------------------
     0 | D:1      | Gumption the Barachi Fighter began the quest for the Orb.
     0 | D:1      | Reached XP level 1. HP: 18/18 MP: 1/1
   416 | D:1      | Reached XP level 2. HP: 25/25 MP: 2/2
   936 | D:2      | Reached XP level 3. HP: 21/30 MP: 3/3
  1627 | D:2      | Reached XP level 4. HP: 36/37 MP: 4/4
  1725 | D:2      | Found a white marble altar of Elyvilon.
  2290 | D:3      | Noticed Natasha
  2302 | D:3      | Killed Natasha
  2603 | D:3      | Noticed Jessica
  2607 | D:3      | Killed Jessica
  2607 | D:3      | Reached XP level 5. HP: 43/43 MP: 5/5
  3210 | D:3      | Noticed Terence
  3210 | D:3      | Noticed Sigmund
  3218 | D:3      | Noticed Natasha
  3246 | D:3      | Killed Sigmund
  3246 | D:3      | Reached skill level 5 in Long Blades
  3246 | D:3      | Reached skill level 5 in Shields
  3246 | D:3      | Reached XP level 6. HP: 49/49 MP: 6/6
  3252 | D:3      | Killed Terence
  3252 | D:3      | Reached skill level 5 in Armour
  3253 | D:3      | Killed Natasha
  3358 | D:3      | Noticed Natasha
  3367 | D:3      | Killed Natasha
  3416 | D:3      | Reached XP level 7. HP: 54/55 MP: 7/7
  3924 | D:3      | Reached skill level 5 in Fighting
  4034 | D:4      | Noticed Eustachio
  4331 | D:4      | Noticed Edmund
  4357 | D:4      | Killed Edmund
  4762 | D:4      | Killed from afar by an orc priest

Levels and vault maps discovered:
D:1:      saegor_arrival_simple_c, layout_basic, minmay_tetromino_l2
D:2:      layout_basic, elyvilon_altar_5, minmay_misc_feat_plants
D:3:      layout_loops_corners, first_ration, uniq_jessica, uniq_natasha,
          uniq_terence, uniq_sigmund
D:4:      layout_loops_ring, serial_bayou_pond_d, uniq_edmund, uniq_eustachio

Skill      XL: |  1  2  3  4  5  6  7 |
---------------+----------------------+-----
Long Blades    | 3 4 5 6 |  6.2
Armour         | 4 5 |  5.5
Fighting       | 4 5 |  5.3
Shields        | 4 5 6 |  6.1

Action                   |  1- 3 |  4- 6 |  7- 9 || total
-------------------------+-------+-------+-------++-------
Melee: Long sword        |   150 |   139 |   125 ||   414
       Flail             |       |       |    19 ||    19
Throw: Stone             |     4 |     1 |       ||     5
       Boomerang         |       |     6 |    13 ||    19
  Use: Potion            |       |     3 |     3 ||     6
       Scroll            |       |       |     7 ||     7
  Eat: Chunk             |     3 |     7 |     4 ||    14
Armor: Chain mail        |    88 |    53 |   107 ||   248
       Scale mail        |     2 |       |       ||     2
       Skin              |       |    12 |       ||    12
Dodge: Dodged            |    24 |    24 |    29 ||    77
Block: Shield            |   102 |    65 |   103 ||   270
       Rpst.: Long sword |    10 |     7 |     5 ||    22
